 Dungeon Crawl Stone Soup version 0.25-a0-1073-gf4359a17dd (webtiles) character file.

Game seed: 2333985389557413656, levelgen mode: deterministic

10943 kae the Spear-Bearer (level 11, -5/81 HPs)
             Began as a Merfolk Ice Elementalist on May 14, 2020.
             Was a Priest of Makhleb.
             Slain by a six-headed hydra (9 damage)
             ... on level 1 of the Lair of Beasts.
             The game lasted 00:20:04 (14825 turns).

kae the Spear-Bearer (Merfolk Ice Elementalist)    Turns: 14825, Time: 00:20:04

Health: -5/81      AC: 14    Str: 13    XL:     11   Next: 70%
Magic:  0/22       EV:  6    Int: 14    God:    Makhleb [***...]
Gold:   583        SH:  0    Dex: 14    Spells: 17/24 levels left

rFire    . . .     SeeInvis .   l - +0 spear
rCold    . . .     Gourm    .   (no shield)
rNeg     + . .     Faith    .   H - +2 chain mail of Summer {rN+ Regen+}
rPois    .         Spirit   +   m - +1 helmet
rElec    .         Reflect  .   (no cloak)
rCorr    .         Harm     .   u - +0 pair of gloves (curse)
MR       +....                  o - +0 pair of boots (curse)
Stlth    ..........             y - amulet of guardian spirit
HPRegen  0.63/turn              p - ring of protection from magic
MPRegen  0.18/turn              (no ring)

@: very slightly contaminated
A: change form in water, swift swim, stealthy swim
a: Minor Destruction, Lesser Servant of Makhleb, Renounce Religion


You were on level 1 of the Lair of Beasts.
You worshipped Makhleb.
Makhleb was most pleased with you.
You were not hungry.

You visited 3 branches of the dungeon, and saw 12 of its levels.

You collected 673 gold pieces.
You spent 90 gold pieces at shops.

Inventory:

Hand Weapons
 e - a +0 short sword
 l - a +0 spear (weapon)
Missiles
 A - a throwing net (quivered)
Armour
 m - a +1 helmet (worn)
 n - a +0 leather armour
 o - a cursed +0 pair of boots (worn)
 u - a cursed +0 pair of gloves (worn)
 v - a +3 chain mail of fire resistance
 H - the +2 chain mail of Summer (worn) {rN+ Regen+}
   (You found it on level 9 of the Dungeon)

   It protects you from negative energy.
   It increases your rate of regeneration.
Jewellery
 p - a ring of protection from magic (left hand)
 y - an amulet of guardian spirit (around neck)
Wands
 j - a wand of enslavement (8)
 x - a wand of polymorph (20)
 B - a wand of paralysis (5)
 F - a wand of disintegration (13)
Scrolls
 a - 6 scrolls of remove curse
 d - a scroll of enchant armour
 i - 2 scrolls of teleportation
 q - 2 scrolls of fog
 t - 9 scrolls of identify
 w - a scroll of amnesia
Potions
 b - 2 potions of stabbing
 f - 7 potions of curing
 h - 2 potions of flight
 k - 2 potions of haste
 r - 3 potions of mutation
 s - a potion of resistance
 z - a potion of heal wounds
 E - 2 potions of brilliance
Comestibles
 c - 18 rations
 g - 5 chunks of flesh


   Skills:
 + Level 6.2 Fighting
 + Level 12.8 Polearms
 - Level 2.6 Dodging
 - Level 2.1 Stealth
 - Level 7.3 Spellcasting
 - Level 12.3 Ice Magic
 + Level 6.2 Invocations


You had 17 spell levels left.
You knew the following spells:

 Your Spells              Type           Power        Failure   Level  Hunger
a - Freeze                Ice            ####         3%          1    None
b - Frozen Ramparts       Ice            #####.       10%         3    ##.....
c - Ozocubu's Armour      Chrm/Ice       ###.....     77%         3    ##.....

Your spell library contained the following spells:

 Spells                   Type           Power        Failure   Level  Hunger
 Summon Small Mammal      Summ           #...         99%         1    None
 Hailstorm                Conj/Ice       ###.....     99%         4    ####...
 Summon Ice Beast         Ice/Summ       ###.....     99%         4    ####...
 Call Imp                 Summ           #.......     100%        2    None
 Call Canine Familiar     Summ           #.......     100%        3    ##.....
 Summon Guardian Golem    Hex/Summ       #.......     100%        3    ##.....
 Summon Lightning Spire   Summ/Air       #.......     100%        4    ####...
 Bolt of Magma            Conj/Fire/Erth #.........   100%        5    #####..
 Iskenderun's Battlesphe  Conj/Chrm      #.......     100%        5    #####..
 Iron Shot                Conj/Erth      #.........   100%        6    #######
 Orb of Destruction       Conj           #.........   100%        7    #######
 Spellforged Servitor     Conj/Summ      #.........   100%        7    #######


Dungeon Overview and Level Annotations

Branches:
Dungeon (10/15)            Temple (1/1) D:7            Lair (1/6) D:10
    Orc (0/2) D:9

Altars:
Ashenzari
Cheibriados
Dithmenos
Elyvilon
Fedhas
Gozag
Hepliaklqana
Kikubaaqudgha
Makhleb
Nemelex Xobeh
Okawaru
Qazlal
Ru
Sif Muna
Trog
Uskayaw
Vehumet
Wu Jian
Xom
Yredelemnul
Zin
The Shining One

Shops:
D:7 ?

Portals:
Ice
Cave: Lair:1

Annotations:
D:3 exclusion: sky beast
D:6 1 runed translucent door, Santreim's ghost, novice TrMo


Message History

The six-headed hydra bites you! x2
* * * LOW HITPOINT WARNING * * *
The six-headed hydra bites you!
* * * LOW HITPOINT WARNING * * *
The six-headed hydra bites you but does no damage.
The six-headed hydra bites you.
* * * LOW HITPOINT WARNING * * *
The six-headed hydra bites you.
* * * LOW HITPOINT WARNING * * *
Casting: Freeze (safe; 3% risk of failure)
Confirm with . or Enter, or press ? or * to list all spells.
Aiming: Freeze (safe; 3% risk of failure)
Press: ? - help, Shift-Dir - straight line, f/p - six-headed hydra
Aim: a six-headed hydra (almost dead, covered in acid)
You miscast Freeze.
You are very lightly contaminated with residual magic.
Nothing appears to happen.
The six-headed hydra bites you but does no damage. x2
The six-headed hydra bites you!
You die...

*,..#**** # ***..#* ###### #
****.#+.###....###########
*,,,.............#.......#
*,,,.)...................#
*,,,..........)P.........##
*,,,......PP.....#.......P####
*,,,......%.....##........#...
**,,,........D@.##........+..##
*,,,,..........####.......#####
*****.##.+###.## #.......P#
***##.* ### #[##P.+### ####.*
######.# ****##..#.####
#####..# ###
*,,,.........######P##...####.#
*,,............................
*,,..........####..##..####..##


You could see a six-headed hydra (corroded).

Vanquished Creatures
  A two-headed ogre (D:10)
  A manticore (D:10)
  2 rime drakes (Lair:1)
  A queen bee (D:10)
  A troll (D:10)
  3 hippogriffs
  3 yaks (Lair:1)
  5 hungry ghosts
  A basilisk (Lair:1)
  An acid dragon (D:8)
  2 water moccasins
  A porcupine (Lair:1)
  A hornet zombie (D:8)
  4 ogres
  A black bear (D:9)
  3 ice beasts (D:8)
  A phantom (D:7)
  5 sky beasts
  3 orc warriors
  A necrophage (D:8)
  6 centaurs
  2 crocodiles
  A big kobold (D:10)
  13 bullfrogs
  3 scorpions
  31 killer bees
  A water moccasin skeleton (D:6)
  3 wights
  6 howler monkeys
  6 crimson imps
  A centaur zombie (D:10)
  6 hounds
  5 orc priests
  A jelly (D:8)
  10 orc wizards
  2 centaur skeletons
  An iguana (D:3)
  4 worker ants
  A hound zombie (D:6)
  A howler monkey skeleton (D:6)
  7 gnolls
  12 adders
  3 shadow imps
  2 adder zombies
  An adder skeleton (D:8)
  2 worms
  2 dart slugs
  6 leopard geckos
  37 orcs
  A ball python (D:1)
  10 bats
  10 giant cockroaches
  10 goblins
  6 hobgoblins
  8 jackals
  10 kobolds
  3 quokkas
  12 frilled lizards
  5 rats
292 creatures vanquished.

Vanquished Creatures (others)
  4 fungi (Lair:1)
  A plant (Lair:1)
5 creatures vanquished.

Grand Total: 297 creatures vanquished

Notes
Turn   | Place    | Note
-------+----------+-------------------------------------------
     0 | D:1      | kae the Merfolk Ice Elementalist began the quest for the
                  | Orb.
     0 | D:1      | Reached XP level 1. HP: 13/13 MP: 3/3
   111 | D:1      | Reached XP level 2. HP: 16/19 MP: 0/5
   375 | D:1      | Reached skill level 5 in Ice Magic
   626 | D:1      | Reached XP level 3. HP: 18/24 MP: 6/6
  1173 | D:2      | Found an iron altar of Okawaru.
  1436 | D:2      | Reached XP level 4. HP: 29/30 MP: 4/8
  1893 | D:3      | Reached skill level 1 in Polearms
  2060 | D:3      | Noticed a sky beast
  2149 | D:3      | Reached XP level 5. HP: 15/35 MP: 1/9
  2173 | D:3      | Learned a level 3 spell: Frozen Ramparts
  2367 | D:3      | Found Zin's Purification Station.
  2372 | D:3      | Found a glowing silver altar of Zin.
  2377 | D:3      | Bought a potion of curing for 90 gold pieces
  2596 | D:3      | Reached XP level 6. HP: 39/41 MP: 8/11
  3059 | D:4      | Found a basalt altar of Yredelemnul.
  3309 | D:4      | Found an opulent altar of Gozag.
  3447 | D:4      | Reached XP level 7. HP: 41/46 MP: 7/12
  3771 | D:5      | Entered Level 5 of the Dungeon
  4031 | D:5      | Found a sacrificial altar of Ru.
  4251 | D:5      | Found a stormy altar of Qazlal.
  4307 | D:5      | Found a bloodstained altar of Trog.
  4763 | D:5      | Found a white marble altar of Elyvilon.
  5045 | D:6      | Found a runed translucent door.
  5046 | D:6      | Noticed Santreim's ghost (novice TrMo)
  5119 | D:6      | Reached skill level 5 in Polearms
  5636 | D:6      | Reached XP level 8. HP: 37/52 MP: 14/14
  6125 | D:6      | Reached skill level 5 in Spellcasting
  7429 | D:7      | Noticed a hippogriff
  7441 | D:7      | Killed a hippogriff
  7441 | D:7      | Reached XP level 9. HP: 50/57 MP: 10/17
  7519 | D:7      | Reached skill level 10 in Ice Magic
  7744 | D:7      | Found Non Inatees's Magic Scroll Shop.
  7782 | D:7      | Found a staircase to the Ecumenical Temple.
  7829 | Temple   | Entered the Ecumenical Temple
  7926 | Temple   | Became a worshipper of Makhleb the Destroyer
  9868 | D:8      | Reached XP level 10. HP: 22/63 MP: 3/20
  9947 | D:8      | Reached * piety under Makhleb
 10434 | D:8      | Reached skill level 10 in Polearms
 11581 | D:9      | Reached ** piety under Makhleb
 11848 | D:9      | Reached skill level 1 in Fighting
 11848 | D:9      | Reached skill level 1 in Invocations
 11988 | D:9      | Found a staircase to the Orcish Mines.
 12596 | D:9      | Got a steaming chain mail
 12598 | D:9      | Identified the +2 chain mail of Summer {rN+ Regen+} (You
                  | found it on level 9 of the Dungeon)
 12639 | D:10     | Entered Level 10 of the Dungeon
 12924 | D:9      | Learned a level 3 spell: Ozocubu's Armour
 13271 | D:10     | Reached XP level 11. HP: 75/75 MP: 15/22
 13530 | D:10     | Found a staircase to the Lair.
 13633 | D:10     | Noticed a two-headed ogre
 13653 | D:10     | Killed a two-headed ogre
 13737 | D:10     | Noticed a manticore
 13747 | D:10     | Killed a manticore
 14023 | D:10     | Reached skill level 5 in Fighting
 14023 | D:10     | Reached *** piety under Makhleb
 14024 | D:10     | Reached skill level 5 in Invocations
 14300 | Lair:1   | Entered Level 1 of the Lair of Beasts
 14319 | Lair:1   | Noticed a six-headed hydra
 14519 | Lair:1   | Found a frozen archway.
 14824 | Lair:1   | HP: 3/81 [six-headed hydra (4)]
 14825 | Lair:1   | Slain by a six-headed hydra

Illustrated notes

Levels and vault maps discovered:
D:1:      minmay_arrival_up_and_down, layout_rooms, minmay_lizard_king
D:2:      layout_rooms, okawaru_trees_1, hangedman_abyss_or_decor_lesser_grid,
          minmay_liquid_box, roderic_serpentine_path, solitary_fountain,
          kennysheep_generic_room_9
D:3:      layout_loops_ring, zin_purify
D:4:      layout_rooms, kennysheep_mini, lemuel_round_altar,
          minmay_misc_feat_diagonals, st_stairs_5
D:5:      layout_basic, nicolae_overflow_crystal_walls, lemuel_round_altar,
          marbit_many_paths, first_ration, basic_altar
D:6:      layout_basic, hellmonk_ghost_happy_afterlife
D:7:      layout_loops_corners, minmay_temple_entry_enclosed_plants,
          serial_shops, shop, grunt_ogre_cave
D:8:      cheibrodos_ideogram_h, layout_basic, minmay_checkerbox
D:9:      layout_gridville, orc_0_dummy
D:10:     layout_cave_pools, grunt_lair_entry_orc_guard_hut, special_room
          [special_room_bee]
Temple:   regret_index_temple_waves
Lair:1:   layout_roguey, portal_ice_cave_rime, ebering_ghost_inner_flame,
          beast_lair_carwin_6, lemuel_fruit_tree

Skill      XL: |  1  2  3  4  5  6  7  8  9 10 11 |
---------------+----------------------------------+-----
Ice Magic      | 5 6 7 8 9 11 12 | 12.3
Polearms       | 1 2 3 5 7 9 11 12 | 12.8
Spellcasting   | 3 4 5 6 7 |  7.3
Fighting       | 3 6 |  6.2
Invocations    | 3 6 |  6.2
Dodging        | |  2.6
Stealth        | |  2.1

Action                   |  1- 3 |  4- 6 |  7- 9 | 10-12 || total
-------------------------+-------+-------+-------+-------++-------
Melee: Short sword       |    28 |       |       |       ||    28
       Unarmed           |     1 |       |       |       ||     1
       Spear             |    77 |   164 |   519 |   325 ||  1085
       Tailslap          |       |       |    11 |     7 ||    18
 Cast: Freeze            |    28 |    47 |    80 |   180 ||   335
       Frozen Ramparts   |       |     4 |    17 |    20 ||    41
Invok: Minor Destruction |       |       |       |    14 ||    14
Evoke: Wand              |       |       |     7 |     8 ||    15
  Use: Scroll            |     4 |     8 |     8 |     7 ||    27
       Potion            |       |       |     2 |     4 ||     6
 Stab: Sleeping          |     5 |     8 |     3 |     1 ||    17
       Distracted        |       |       |     1 |     1 ||     2
  Eat: Chunk             |     2 |     7 |    14 |    13 ||    36
       Ration            |       |       |     6 |     5 ||    11
Armor: Leather armour    |    34 |    55 |    66 |    68 ||   223
       Chain mail        |       |       |   134 |   166 ||   300
       Skin              |       |       |    29 |       ||    29
Dodge: Dodged            |    77 |    86 |   213 |   172 ||   548

Table legend:
 A = Non-vault XP
 B = Vault XP
 C = Vault XP percentage of total XP
 D = Non-vault monster count
 E = Vault monster count
 F = Vault count percentage of total count
                 A         B        C        D         E       F
            +---------+---------+-------+---------+---------+-------
      Total |    9513 |    6121 |  39.2 |     220 |      72 |  24.7
            +---------+---------+-------+---------+---------+-------
        D:1 |      30 |      12 |  28.6 |      16 |      10 |  38.5
        D:2 |      56 |       0 |   0.0 |      19 |       0 |   0.0
        D:3 |     221 |       0 |   0.0 |      37 |       0 |   0.0
        D:4 |     327 |       3 |   0.9 |      20 |       1 |   4.8
        D:5 |     355 |       2 |   0.6 |      14 |       1 |   6.7
        D:6 |     920 |       0 |   0.0 |      26 |       0 |   0.0
        D:7 |     946 |     121 |  11.3 |       9 |       1 |  10.0
        D:8 |    2040 |    1905 |  48.3 |      33 |      21 |  38.9
        D:9 |    1099 |       0 |   0.0 |      11 |       0 |   0.0
       D:10 |    3070 |    2209 |  41.8 |      31 |      29 |  48.3
     Lair:1 |     449 |    1869 |  80.6 |       4 |       9 |  69.2
            +---------+---------+-------+---------+---------+-------
